 Dungeon Crawl Stone Soup version 0.29.0-7-g18a832c13a (webtiles) character file.

Game seed: 5344512730998109705

35359 inmateoo the Martial Artist (level 13, -14/121 HPs)
             Began as a Gnoll Transmuter on Aug 30, 2022.
             Was an Elder of Cheibriados.
             Shot with an arrow by a centaur warrior (17 damage)
             ... on level 13 of the Dungeon.
             The game lasted 00:27:20 (19081 turns).

inmateoo the Martial Artist (Gnoll Transmuter)     Turns: 19081, Time: 00:27:20

Health: -14/121    AC: 11    Str: 20    XL:     13   Next: 83%
Magic:  20/27      EV: 17    Int: 27    God:    Cheibriados [****..]
Gold:   1387       SH:  0    Dex: 23    Spells: 7/32 levels left

rFire   x . .      SeeInvis .     - Unarmed
rCold   + + +      Faith    .   (shield currently unavailable)
rNeg    . . .      Spirit   .   (body armour currently unavailable)
rPois   +          Reflect  .   (helmet currently unavailable)
rElec   .          Harm     .   (cloak currently unavailable)
rCorr   .          Rampage  .   (gloves currently unavailable)
Will    +....                   (boots currently unavailable)
Stlth   +++++.....              F - amulet of magic regeneration
HPRegen 0.30/turn               g - ring of protection from cold
MPRegen 0.60/turn               r - ring of willpower

@: ice-form, very slow
A: freezing attack, amphibious, boosted hp, large, (fangs 1), strong nose,
distributed training
a: End Transformation, Renounce Religion, Bend Time, Temporal Distortion, Slouch


You were on level 13 of the Dungeon.
You worshipped Cheibriados.
Cheibriados was greatly pleased with you.
You were a creature of crystalline ice.
You visited 1 branch of the dungeon, and saw 15 of its levels.

You collected 1387 gold pieces.

Inventory:

Missiles
 I - 4 throwing nets
Armour
 o - a +1 cloak (melded)
 q - a +2 robe of willpower
 t - a +0 buckler
 v - +0 steam dragon scales (melded)
 K - a +1 pair of boots (melded)
Magical Staves
 J - a staff of cold
Jewellery
 g - a ring of protection from cold (left front paw)
 r - a ring of willpower (right front paw)
 z - a ring of wizardry
 C - a ring of poison resistance
 F - an amulet of magic regeneration (around neck)
 R - a ring of fire
Wands
 a - a wand of mindburst (3)
 e - a wand of acid (7)
 w - a wand of flame (13)
 x - a wand of charming (12)
 y - a wand of digging (10)
 A - a wand of iceblast (3)
 D - a wand of polymorph (5)
Scrolls
 b - a scroll of amnesia
 c - 3 scrolls of enchant armour
 i - 4 scrolls of magic mapping
 n - a scroll of silence
 p - 5 scrolls of teleportation
 s - 2 scrolls of immolation
 B - a scroll of enchant weapon
 G - a scroll of blinking
 N - a scroll of fog
Potions
 d - 3 potions of brilliance
 f - 2 potions of resistance
 h - 10 potions of curing
 j - 2 potions of berserk rage
 k - 2 potions of invisibility
 l - 3 potions of heal wounds
 m - 2 potions of ambrosia
 u - a potion of mutation
 E - a potion of magic
 H - a potion of flight
 L - 2 potions of cancellation {unknown}
Miscellaneous
 M - a condenser vane
 Q - a box of beasts


   Skills:
 + Level 9.3 Fighting
 + Level 9.0 Short Blades
 + Level 9.0 Long Blades
 + Level 9.0 Axes
 + Level 9.0 Maces & Flails
 + Level 9.0 Polearms
 + Level 9.0 Staves
 + Level 9.0 Ranged Weapons
 + Level 9.0 Throwing
 + Level 9.0 Armour
 + Level 10.1 Dodging
 + Level 9.0 Stealth
 + Level 9.0 Shields
 + Level 11.1 Unarmed Combat
 + Level 10.3 Spellcasting
 + Level 7.4 Conjurations
 + Level 7.4 Hexes
 + Level 7.4 Summonings
 + Level 7.4 Necromancy
 + Level 7.4 Translocations
 + Level 8.4 Transmutations
 + Level 7.4 Fire Magic
 + Level 7.4 Ice Magic
 + Level 7.4 Air Magic
 + Level 7.4 Earth Magic
 + Level 7.4 Poison Magic
 + Level 9.8 Invocations
 + Level 9.0 Evocations


You had 7 spell levels left.
You knew the following spells:

 Your Spells              Type           Power      Damage    Failure   Level
a - Beastly Appendage     Tmut           100%       N/A       1%          1
b - Wereblood             Tmut           56%        N/A       1%          2
c - Spider Form           Tmut/Pois      54%        N/A       1%          3
d - Stone Arrow           Conj/Erth      100%       3d13      1%          3
e - Ice Form              Ice/Tmut       54%        N/A       1%          4
f - Blink                 Tloc           100%       N/A       1%          2
g - Manifold Assault      Tloc           53%        N/A       5%          5
h - Freezing Cloud        Conj/Ice/Air   26%        6-21      5%          5

Your spell library contained the following spells:

 Spells                   Type           Power      Damage    Failure   Level
 Apportation              Tloc           100%       N/A       1%          1
 Necrotise                Necr           100%       1d9       1%          1
 Slow                     Hex            100%       N/A       1%          1
 Summon Small Mammal      Summ           100%       N/A       1%          1
 Ensorcelled Hibernation  Hex/Ice        100%       N/A       1%          2
 Passwall                 Tmut/Erth      45%        N/A       1%          2
 Confusing Touch          Hex            53%        N/A       1%          3
 Ignite Poison            Fire/Tmut/Pois 54%        N/A       1%          3
 Lesser Beckoning         Tloc           53%        N/A       1%          3
 Mephitic Cloud           Conj/Pois/Air  53%        N/A       1%          3
 Swiftness                Air            53%        N/A       1%          3
 Vampiric Draining        Necr           53%        2d9       1%          3
 Animate Armour           Summ/Erth      100%       N/A       1%          4
 Hailstorm                Conj/Ice       53%        3d12      1%          4
 Alistair's Intoxication  Tmut/Pois      36%        N/A       4%          5
 Fireball                 Conj/Fire      26%        3d12      5%          5
 Iskenderun's Battlesphe  Conj           53%        2d10      5%          5
 Conjure Ball Lightning   Conj/Air       26%        3x3d7     30%         6
 Simulacrum               Ice/Necr       26%        N/A       30%         6
 Orb of Destruction       Conj           26%        9d9       86%         7
 Lehudib's Crystal Spear  Conj/Erth      26%        10d7      100%        8


Dungeon Overview and Level Annotations

Branches:
Dungeon (15/15)            Temple (0/1) D:7            Lair (0/5) D:8
    Orc (0/2) D:11
 Vaults: D:13-14     Depths: D:15

Altars:
Ashenzari
Cheibriados
Fedhas
Nemelex Xobeh
Okawaru
Qazlal
Sif Muna
Wu Jian
Xom
Yredelemnul

Annotations:
D:10 1 runed translucent door, nmsoi's ghost, master MiGl
D:11 3 runed translucent doors, qborf's ghost, journeyman MeHW
D:14 Roxanne


Innate Abilities, Weirdness & Mutations

You are a creature of crystalline ice.
You have a powerful freezing melee attack.
You are amphibious.
Your maximum health is increased.
Your armour is entirely melded.
You are incapable of wielding weapons or throwing items.
((You have very sharp teeth.))
Your uncanny sense of smell can sniff out nearby items.
Your experience applies equally to all skills.


Message History

Aiming: Stone Arrow (safe; 1% risk of failure)
Press: ? - help, Shift-Dir - straight line, f/p - cyclops
Aim: a cyclops, quivering large rocks (freezing vapour, 98% to hit)
The stone arrow hits the cyclops!!
The cyclops is heavily wounded.
The cyclops is engulfed in freezing vapours.
Casting: Stone Arrow (safe; 1% risk of failure)
Confirm with . or Enter, or press ? or * to list all spells.
Aiming: Stone Arrow (safe; 1% risk of failure)
Press: ? - help, Shift-Dir - straight line, f/p - cyclops
Aim: a cyclops, quivering large rocks (freezing vapour, almost dead, 98% to hit)
The stone arrow hits the cyclops!!
You kill the cyclops!
Cheibriados appreciates the change of pace.
Cheibriados raises the support of your attributes as your movement slows.
Your Short Blades skill increases to level 9!
Your Long Blades skill increases to level 9!
Your Axes skill increases to level 9!
Your Maces & Flails skill increases to level 9!
Your Polearms skill increases to level 9!
Your Staves skill increases to level 9!
Your Ranged Weapons skill increases to level 9!
Your Throwing skill increases to level 9!
Your Armour skill increases to level 9!
Your Stealth skill increases to level 9!
Your Shields skill increases to level 9!
Your Evocations skill increases to level 9!
You start resting.
A centaur warrior comes into view.
A centaur warrior is nearby!
The centaur warrior wields a +0 shortbow.
The centaur warrior shoots an arrow.
The arrow misses you.
The centaur warrior shoots an arrow.
The arrow hits you!
* * * LOW HITPOINT WARNING * * *
The centaur warrior shoots an arrow.
The arrow hits you!
* * * LOW HITPOINT WARNING * * *
The centaur warrior shoots an arrow.
The arrow hits you!
* * * LOW HITPOINT WARNING * * *
The centaur warrior shoots an arrow.
The arrow hits you!
You die...

##.#......# #
#.☼#......# #
#.§#°.....# # ∆
#.§.....##########
#§((..............
#..§.○........<...
#..§☼§........##+. #
#..§.°........#...
#Y............#...
#.............#...
.c#................
#..#...........#.#..
##.#.........†.....+
.##...........#.#..
.#.#..............>
.#.##...............
.......########


You could see a centaur warrior.

Vanquished Creatures
  Agnes (D:15)
  Snorg (D:11)
  5 hydras
  Fannar (D:11)
  3 boulder beetles
  Harold (D:11)
  4 two-headed ogres
  A centaur warrior (D:13)
  A catoblepas (D:14)
  Lodul (D:11)
  2 skeletal warriors
  A flayed ghost (D:13)
  Pikel (D:8)
  2 deep elf pyromancers
  An ugly thing (D:12)
  5 cyclopes
  An elephant (D:8)
  2 manticores
  Maurice (D:8)
  A gargoyle (D:11)
  An unseen horror (D:13)
  Maggie (D:8)
  2 komodo dragons
  2 kobold demonologists
  2 efreet
  A tengu conjurer (D:15)
  3 trolls
  2 hornets (D:11)
  Grinder (D:5)
  Prince Ribbit (D:5)
  7 slime creatures (D:12)
  A vampire (D:10)
  Sigmund (D:4)
  A centaur simulacrum (D:11)
  4 wraiths
  2 shadows (D:11)
  4 water elementals (D:12)
  A wyvern (D:10)
  22 yaks
  Menkaure (D:5)
  2 swamp worms (D:7)
  5 vampire mosquitoes
  2 acid dragons (D:11)
  2 water moccasins (D:6)
  Duvessa (D:7)
  5 orc warriors
  A sky beast (D:6)
  5 black bears
  2 ice beasts (D:7)
  4 centaurs
  10 ogres
  2 kobold brigands
  2 bullfrogs
  4 gnoll sergeants
  A scorpion (D:5)
  9 wights
  Dowan (D:7)
  2 killer bees (D:7)
  3 howler monkeys
  A jelly (D:4)
  An orc priest (D:10)
  A gnoll bouda (D:8)
  Crazy Yiuf (D:5)
  4 hounds
  Jessica (D:2)
  4 iguanas
  13 orc wizards
  11 gnolls
  4 adders
  A white imp (D:5)
  3 ufetubi
  A worm (D:3)
  31 orcs
  9 bats
  11 endoplasms
  2 giant cockroaches (D:4)
  6 goblins
  6 hobgoblins
  21 kobolds
  2 quokkas
  7 ball pythons
  4 frilled lizards
  3 rats
307 creatures vanquished.

Vanquished Creatures (collateral kills)
  A bullfrog (D:7)
  A scorpion (D:7)
  A killer bee (D:7)
  3 orcs (D:7)
6 creatures vanquished.

Vanquished Creatures (others)
  A howler monkey (D:8)
  2 fungi (D:10)
  6 plants
  15 withered plants (D:15)
24 creatures vanquished.

Grand Total: 337 creatures vanquished

Notes
Turn   | Place    | Note
-------+----------+-------------------------------------------
     0 | D:1      | inmateoo the Gnoll Transmuter began the quest for the Orb.
     0 | D:1      | Reached XP level 1. HP: 17/17 MP: 6/6
   375 | D:1      | Reached XP level 2. HP: 19/23 MP: 5/7
   410 | D:1      | Learned a level 2 spell: Wereblood
   868 | D:1      | Reached skill level 5 in Spellcasting
   868 | D:1      | Reached XP level 3. HP: 23/28 MP: 7/9
   872 | D:1      | Learned a level 3 spell: Spider Form
  1292 | D:2      | Reached skill level 1 in Invocations
  1354 | D:2      | Reached skill level 1 in Short Blades
  1354 | D:2      | Reached skill level 1 in Long Blades
  1354 | D:2      | Reached skill level 1 in Axes
  1354 | D:2      | Reached skill level 1 in Maces & Flails
  1354 | D:2      | Reached skill level 1 in Polearms
  1354 | D:2      | Reached skill level 1 in Staves
  1354 | D:2      | Reached skill level 1 in Ranged Weapons
  1354 | D:2      | Reached skill level 1 in Throwing
  1354 | D:2      | Reached skill level 1 in Armour
  1354 | D:2      | Reached skill level 1 in Stealth
  1354 | D:2      | Reached skill level 1 in Shields
  1354 | D:2      | Reached skill level 1 in Evocations
  1517 | D:2      | Reached XP level 4. HP: 33/34 MP: 11/11
  1727 | D:2      | Noticed Jessica
  1744 | D:2      | Killed Jessica
  1745 | D:2      | Reached skill level 1 in Conjurations
  1745 | D:2      | Reached skill level 1 in Hexes
  1745 | D:2      | Reached skill level 1 in Summonings
  1745 | D:2      | Reached skill level 1 in Necromancy
  1745 | D:2      | Reached skill level 1 in Translocations
  1745 | D:2      | Reached skill level 1 in Fire Magic
  1745 | D:2      | Reached skill level 1 in Ice Magic
  1745 | D:2      | Reached skill level 1 in Air Magic
  1745 | D:2      | Reached skill level 1 in Earth Magic
  1745 | D:2      | Reached skill level 1 in Poison Magic
  2073 | D:2      | Reached XP level 5. HP: 25/41 MP: 9/12
  2254 | D:2      | Found a faded altar of an unknown god.
  2540 | D:3      | Learned a level 3 spell: Stone Arrow
  2710 | D:3      | Found an iron altar of Okawaru.
  3785 | D:4      | Reached XP level 6. HP: 36/47 MP: 9/13
  3875 | D:4      | Reached skill level 5 in Dodging
  3888 | D:4      | Noticed Sigmund
  3910 | D:4      | Killed Sigmund
  3911 | D:4      | Reached skill level 7 in Unarmed Combat
  3911 | D:4      | Reached XP level 7. HP: 49/52 MP: 5/15
  4006 | D:4      | Found a sparkling altar of Nemelex Xobeh.
  4008 | D:4      | Found a basalt altar of Yredelemnul.
  4008 | D:4      | Found a broken altar of Ashenzari.
  4010 | D:4      | Found a sparkling altar of Nemelex Xobeh.
  4010 | D:4      | Found a blossoming altar of Fedhas.
  4010 | D:4      | Found a shimmering altar of Xom.
  4096 | D:5      | Entered Level 5 of the Dungeon
  4168 | D:5      | Noticed Prince Ribbit
  4179 | D:5      | Killed Prince Ribbit
  4228 | D:5      | Found a runed translucent door.
  4288 | D:5      | Noticed Crazy Yiuf
  4296 | D:5      | Killed Crazy Yiuf
  4554 | D:5      | Reached XP level 8. HP: 53/60 MP: 16/16
  4559 | D:5      | Learned a level 4 spell: Ice Form
  4642 | D:5      | Found a stormy altar of Qazlal.
  4963 | D:5      | Noticed Grinder
  4976 | D:5      | Killed Grinder
  5094 | D:5      | Noticed Menkaure
  5101 | D:5      | Killed Menkaure
  5817 | D:6      | Reached skill level 5 in Transmutations
  6196 | D:6      | Reached XP level 9. HP: 47/67 MP: 15/18
  6697 | D:6      | Reached skill level 5 in Fighting
  6838 | D:6      | Found an ornate altar of the Wu Jian Council.
  7247 | D:7      | Noticed Dowan
  7251 | D:7      | Noticed Duvessa
  7258 | D:7      | Killed Duvessa
  7259 | D:7      | Reached skill level 8 in Unarmed Combat
  7263 | D:7      | Killed Dowan
  7264 | D:7      | Found a snail-covered altar of Cheibriados.
  7271 | D:7      | Became a worshipper of Cheibriados the Contemplative
  7326 | D:7      | Reached skill level 5 in Invocations
  7549 | D:7      | Identified the +0 chain mail "Epyubre" {+Blink}
  7630 | D:7      | Reached * piety under Cheibriados
  7827 | D:7      | Found a staircase to the Ecumenical Temple.
  7930 | D:7      | Reached skill level 5 in Short Blades
  7930 | D:7      | Reached skill level 5 in Long Blades
  7930 | D:7      | Reached skill level 5 in Axes
  7930 | D:7      | Reached skill level 5 in Maces & Flails
  7930 | D:7      | Reached skill level 5 in Polearms
  7930 | D:7      | Reached skill level 5 in Staves
  7930 | D:7      | Reached skill level 5 in Ranged Weapons
  7930 | D:7      | Reached skill level 5 in Throwing
  7930 | D:7      | Reached skill level 5 in Armour
  7930 | D:7      | Reached skill level 5 in Stealth
  7930 | D:7      | Reached skill level 5 in Shields
  7930 | D:7      | Reached skill level 5 in Evocations
  7930 | D:7      | Reached XP level 10. HP: 11/76 MP: 13/20
  8366 | D:8      | Noticed Maggie
  8380 | D:8      | Killed Maggie
  8788 | D:8      | Noticed Pikel
  8794 | D:8      | Killed Pikel
  9052 | D:8      | Noticed Maurice
  9074 | D:8      | Killed Maurice
  9139 | D:8      | Reached ** piety under Cheibriados
  9672 | D:8      | Found a staircase to the Lair.
  9672 | D:8      | Noticed an elephant
  9694 | D:8      | Killed an elephant
  9695 | D:8      | Reached skill level 9 in Unarmed Combat
  9697 | D:8      | Reached skill level 5 in Conjurations
  9697 | D:8      | Reached skill level 5 in Hexes
  9697 | D:8      | Reached skill level 5 in Summonings
  9697 | D:8      | Reached skill level 5 in Necromancy
  9697 | D:8      | Reached skill level 5 in Translocations
  9697 | D:8      | Reached skill level 5 in Fire Magic
  9697 | D:8      | Reached skill level 5 in Ice Magic
  9697 | D:8      | Reached skill level 5 in Air Magic
  9697 | D:8      | Reached skill level 5 in Earth Magic
  9697 | D:8      | Reached skill level 5 in Poison Magic
 10253 | D:8      | Learned a level 2 spell: Blink
 10259 | D:8      | Learned a level 5 spell: Manifold Assault
 10279 | D:9      | Noticed a two-headed ogre
 10316 | D:9      | Reached XP level 11. HP: 83/83 MP: 16/22
 10334 | D:9      | Noticed a cyclops
 10336 | D:9      | Killed a two-headed ogre
 10344 | D:9      | Killed a cyclops
 11116 | D:9      | Found a shimmering blue altar of Sif Muna.
 11488 | D:9      | Reached *** piety under Cheibriados
 11720 | D:10     | Entered Level 10 of the Dungeon
 11762 | D:10     | Noticed a two-headed ogre
 11990 | D:10     | Killed a two-headed ogre
 12496 | D:10     | Found a runed translucent door.
 12496 | D:10     | Noticed nmsoi's ghost (master MiGl)
 12497 | D:10     | Identified the +2 spear "Laenefau" {freeze, rPois rN+ Str+4
                  | Int+3}
 12964 | D:10     | Noticed a two-headed ogre
 12969 | D:10     | Killed a two-headed ogre
 13084 | D:10     | Learned a level 5 spell: Freezing Cloud
 13426 | D:11     | Found a staircase to the Orcish Mines.
 13451 | D:11     | Noticed a cyclops
 13459 | D:11     | Killed a cyclops
 13645 | D:11     | Reached **** piety under Cheibriados
 13787 | D:11     | Noticed qborf's ghost (journeyman MeHW)
 13935 | D:11     | Found a runed translucent gate.
 13935 | D:11     | Found a runed translucent gate.
 13935 | D:11     | Found a runed translucent gate.
 13979 | D:11     | Noticed Snorg
 13996 | D:11     | Killed Snorg
 13997 | D:11     | Reached XP level 12. HP: 67/91 MP: 10/24
 14147 | D:11     | Noticed Sonja
 14148 | D:11     | Noticed Sonja
 14148 | D:11     | Sonja changed into Sonja the hornet
 14152 | D:11     | Killed Sonja the hornet
 14257 | D:11     | Noticed Harold
 14273 | D:11     | Killed Harold
 14499 | D:11     | Noticed Fannar
 14517 | D:11     | Killed Fannar
 14565 | D:11     | Noticed a boulder beetle
 14569 | D:11     | Killed a boulder beetle
 14570 | D:11     | Reached skill level 10 in Unarmed Combat
 14775 | D:11     | Noticed a two-headed ogre
 14783 | D:11     | Killed a two-headed ogre
 14956 | D:11     | Noticed an eight-headed hydra
 14990 | D:11     | Noticed an eight-headed hydra
 14996 | D:11     | Killed an eight-headed hydra
 15035 | D:11     | Noticed a boulder beetle
 15041 | D:11     | Killed a boulder beetle
 15042 | D:11     | Noticed a seven-headed hydra
 15045 | D:11     | Killed a seven-headed hydra
 15266 | D:11     | Noticed Lodul
 15273 | D:11     | Killed Lodul
 15525 | D:11     | Killed an eight-headed hydra
 16008 | D:12     | Reached XP level 13. HP: 99/99 MP: 19/26
 16043 | D:12     | Reached ***** piety under Cheibriados
 17082 | D:13     | Reached skill level 10 in Spellcasting
 17486 | D:13     | You fall into a shaft and drop 2 floors!
 17486 | D:15     | Entered Level 15 of the Dungeon
 17598 | D:15     | Noticed Agnes
 17605 | D:15     | Killed Agnes
 18141 | D:14     | Identified Roxanne's Disquisition on the Caves
 18141 | D:14     | Noticed Roxanne
 18555 | D:14     | Reached skill level 10 in Dodging
 18555 | D:14     | Reached skill level 11 in Unarmed Combat
 19081 | D:13     | HP: 3/121 [centaur warrior/arrow (14)]
 19081 | D:13     | Shot with an arrow by a centaur warrior

Illustrated notes

Levels and vault maps discovered:
D:1:      ncdulo_watergridlock, layout_loops_ring, serial_bayou_pond_c,
          minmay_tetromino_s4
D:2:      layout_basic, shapermc_ecumenical_altar_mp_vishouse, uniq_jessica
D:3:      layout_loops_corners, okawaru_gym_becter, kennysheep_minor_cross
D:4:      layout_cave_pools, doesnt_xom_only_xom, uniq_sigmund
D:5:      layout_layer_cave, mainiacjoe_overflow_concentric_impassable,
          uniq_menkaure, uniq_grinder, uniq_crazy_yiuf_cottage,
          uniq_prince_ribbit1
D:6:      nicolae_cairo_tiling_large_dashed, layout_loops_ring,
          nzn_wu_jian_contemplation
D:7:      layout_rooms, mainiacjoe_overflow_alcove_2, lemuel_temple_firewalk_b,
          serial_rivers, chequers_serial_rivers_room_b,
          chequers_serial_rivers_marsh, chequers_serial_rivers_micro_c,
          chequers_serial_rivers_room_b, kennysheep_donut, worms_lemuel,
          uniq_duvessa
D:8:      layout_loops_ring, david_lair_generic, uniq_pikel, uniq_maurice,
          uniq_maggie
D:9:      layout_stronghold, kennysheep_orc_sif_temple
D:10:     layout_gridville, ebering_ghost_funeral_grove, minivault_23
D:11:     kennysheep_windowed_halls, layout_stronghold, orc_0_dummy,
          gammafunk_ghost_icy, uniq_fannar, uniq_sonja, uniq_lodul, uniq_harold,
          uniq_snorg
D:12:     layout_basic, nicolae_underground_beach
D:13:     minmay_ornate_pinched, layout_irregular_city, serial_glass,
          glass_columns_a, glass_columns_a, chequers_serial_rivers_micro_d,
          hangedman_decor_growths, grunt_gozag_statues
D:14:     layout_cave_pools, david_vaults_2, kennysheep_decorative_pillar,
          serial_shops, kennysheep_mini, uniq_roxanne
D:15:     gammafunk_depths_entry_grave, layout_loops_ring,
          hellmonk_guarded_unrand_rift, uniq_agnes, uniq_josephine

Skill      XL: |  1  2  3  4  5  6  7  8  9 10 11 12 13 |
---------------+----------------------------------------+-----
Spellcasting   | 5 6 7 8 9 10 | 10.3
Invocations    | 1 2 3 4 5 6 7 8 9 |  9.8
Short Blades   | 1 2 3 5 6 7 8 9 |  9.0
Long Blades    | 1 2 3 5 6 7 8 9 |  9.0
Axes           | 1 2 3 5 6 7 8 9 |  9.0
Maces & Flails | 1 2 3 5 6 7 8 9 |  9.0
Polearms       | 1 2 3 5 6 7 8 9 |  9.0
Staves         | 1 2 3 5 6 7 8 9 |  9.0
Ranged Weapons | 1 2 3 5 6 7 8 9 |  9.0
Throwing       | 1 2 3 5 6 7 8 9 |  9.0
Armour         | 1 2 3 5 6 7 8 9 |  9.0
Stealth        | 1 2 3 5 6 7 8 9 |  9.0
Shields        | 1 2 3 5 6 7 8 9 |  9.0
Evocations     | 1 2 3 5 6 7 8 9 |  9.0
Conjurations   | 1 2 3 4 5 6 7 |  7.4
Hexes          | 1 2 3 4 5 6 7 |  7.4
Summonings     | 1 2 3 4 5 6 7 |  7.4
Necromancy     | 1 2 3 4 5 6 7 |  7.4
Translocations | 1 2 3 4 5 6 7 |  7.4
Fire Magic     | 1 2 3 4 5 6 7 |  7.4
Ice Magic      | 1 2 3 4 5 6 7 |  7.4
Air Magic      | 1 2 3 4 5 6 7 |  7.4
Earth Magic    | 1 2 3 4 5 6 7 |  7.4
Poison Magic   | 1 2 3 4 5 6 7 |  7.4
Fighting       | 3 4 5 6 7 8 9 |  9.3
Transmutations | 4 5 6 7 8 |  8.4
Dodging        | 5 6 7 8 9 10 | 10.1
Unarmed Combat | 7 8 9 10 11 | 11.1

Action                   |  1- 3 |  4- 6 |  7- 9 | 10-12 | 13-15 || total
-------------------------+-------+-------+-------+-------+-------++-------
Melee: Unarmed           |    77 |   121 |   240 |   352 |    68 ||   858
       Kick              |     7 |     4 |       |       |       ||    11
       Bite              |     4 |     7 |    12 |     6 |     3 ||    32
       Punch             |     1 |     3 |     2 |     2 |     1 ||     9
       Headbutt          |       |     2 |       |       |       ||     2
 Cast: Beastly Appendage |    12 |     3 |       |       |     1 ||    16
       Spider Form       |     1 |     8 |     9 |     3 |       ||    21
       Wereblood         |     1 |     4 |     4 |     9 |     1 ||    19
       Stone Arrow       |       |     1 |     1 |    22 |    22 ||    46
       Ice Form          |       |       |    12 |    33 |     8 ||    53
       Freezing Cloud    |       |       |       |    12 |    26 ||    38
       Blink             |       |       |       |     1 |       ||     1
       Manifold Assault  |       |       |       |     2 |     2 ||     4
Invok: Slouch            |       |       |       |       |     2 ||     2
       Step From Time    |       |       |       |       |     1 ||     1
 Abil: End Transformatio |       |       |       |     1 |       ||     1
Evoke: Wand              |       |       |       |    13 |       ||    13
  Use: Scroll            |     4 |     3 |    14 |     5 |     2 ||    28
       Potion            |       |       |       |       |     1 ||     1
 Stab: Sleeping          |     2 |     2 |     4 |     3 |       ||    11
Armor: Robe              |     9 |    12 |    22 |       |       ||    43
       Skin              |       |     3 |    15 |    56 |    11 ||    85
       Steam dragon scal |       |       |       |    23 |     4 ||    27
Dodge: Dodged            |    45 |    79 |   164 |   247 |    41 ||   576
